 Dungeon Crawl Stone Soup version 0.31-a0-232-gb1c03b2570 (webtiles) character file.

Game seed: 14465902180627923546

228 qw the Shooter (level 5, -6/45 HPs)
             Began as a Minotaur Hexslinger on July 7, 2023.
             Mangled by a black bear (8 damage)
             ... on level 3 of the Dungeon.
             The game lasted 00:00:44 (2375 turns).

qw the Shooter (Minotaur Hexslinger)                Turns: 2375, Time: 00:00:45

Health: -6/45      AC:  2    Str: 19    XL:     5   Next: 70%
Magic:  5/5        EV: 12    Int: 10    God:
Gold:   115        SH:  0    Dex: 14    Spells: 5/6 levels left

rFire   . . .        d - +2 orcbow (heavy)
rCold   . . .        (shield currently unavailable)
rNeg    . . .        c - +0 robe
rPois   .            (helmet restricted)
rElec   .            (no cloak)
rCorr   .            (no gloves)
SInv    .            (no boots)
Will    .....        (no amulet)
Stlth   +            j - +6 ring of strength
HPRegen 0.27/turn    (no ring)
MPRegen 0.09/turn

%: no passive effects
@: no status effects
A: horns 2, retaliatory headbutt
a: no special abilities


You were on level 3 of the Dungeon.
You visited 1 branch of the dungeon, and saw 3 of its levels.

You collected 115 gold pieces.


Innate Abilities, Weirdness & Mutations

You have a pair of horns on your head.
You reflexively headbutt those who attack you in melee.


   Skills:
 + Level 3.2 Fighting
 - Level 6.0 Ranged Weapons
 - Level 2.1 Dodging
 - Level 1.0 Spellcasting
 - Level 2.0 Hexes


You had 5 spell levels left.
You knew the following spells:

 Your Spells              Type           Power      Damage    Failure   Level
a - Slow                  Hex            16%        N/A       16%         1

Your spell library contained the following spells:

 Spells                   Type           Power      Damage    Failure   Level
 Inner Flame              Hex/Fire       2%         N/A       56%         3
 Portal Projectile        Hex/Tloc       4%         N/A       56%         3
 Cause Fear               Hex            2%         N/A       83%         4

Inventory:

Hand Weapons
 d - a +2 heavy orcbow (weapon)
Armour
 c - a +0 robe (worn)
 g - a +0 ring mail
 l - a +0 leather armour of positive energy
Jewellery
 j - a +6 ring of strength (left hand)
Scrolls
 e - a scroll of teleportation
 f - a scroll of identify
 k - a scroll of vulnerability {unknown}
Potions
 a - a potion of heal wounds
 b - a potion of curing {unknown}
 h - a potion of might
 i - a potion of enlightenment

Dungeon Overview and Level Annotations

Branches:
Dungeon (3/15)

Altars:
Vehumet


Message History

You shoot an arrow. The arrow hits the quokka!
You kill the quokka!
A goblin comes into view. It is wielding a +0 dagger.
The goblin shouts!
A black bear comes into view.
Enter note:
Enter note:
Enter note:
Enter note:
Enter note:
Enter note: You shoot an arrow.
The arrow barely misses the black bear.
You shoot an arrow. The arrow barely misses the black bear.
You shoot an arrow. The arrow hits the black bear!
The black bear is heavily wounded.
The black bear barely misses you. The black bear claws you. x2
You shoot an arrow. The arrow hits the black bear.
The black bear is severely wounded.
The black bear misses you. x2; The black bear barely misses you.
The black bear bites you. The black bear completely misses you.
The black bear barely misses you.
You shoot an arrow. The arrow barely misses the black bear.
The arrow closely misses the goblin.
The black bear closely misses you. The black bear claws you.
The black bear claws you but does no damage.
The black bear bites you.
The black bear claws you but does no damage.
The black bear barely misses you.
You shoot an arrow.
The arrow hits the black bear but does no damage.
The black bear is severely wounded.
The black bear closely misses you. You furiously retaliate!
You headbutt the black bear. The black bear claws you.
The black bear barely misses you.
The black bear goes berserk!
You shoot an arrow. The arrow hits the black bear.
The black bear is almost dead.
The black bear bites you! The black bear claws you! The black bear claws you.
The black bear bites you! The black bear claws you. x2
The black bear bites you!
You die...

...###### ########
...##...## ##...##
#..#.....#####.....#
##.#..8.........8..#
...#.....#####.....#
#.###.%.## ##...##
#.# ##.## ##.##
#.####)# #.#
#....'.# +@#
#..###.# #h#
....##.# #g#
...##... ... ...#
.... ... ####..8...
..8.. ....%## .....
###...## ##...##
#.######


You could see a black bear (berserk) and a goblin.

Vanquished Creatures
  Jessica (D:3)
  An orc wizard (D:3)
  A statue (D:3)
  10 adders
  A dart slug (D:3)
  6 orcs (D:3)
  4 endoplasms
  3 giant cockroaches
  4 goblins
  5 hobgoblins
  4 jackals
  4 quokkas
  4 ball pythons
  4 bats
  4 kobolds
  3 rats
59 creatures vanquished.

Notes
Turn   | Place    | Note
-------+----------+-------------------------------------------
     0 | D:1      | qw the Minotaur Hexslinger began the quest for the Orb.
     0 | D:1      | Reached XP level 1. HP: 16/16 MP: 1/1
     0 | D:1      | 0 ||| qw: Version: 0.3-a-46-gb1f654a
     0 | D:1      | 0 ||| qw: Game counter: 2277
     0 | D:1      | 0 ||| qw: Melee chars always use a shield: true
     0 | D:1      | 0 ||| qw: God list: Okawaru
     0 | D:1      | 0 ||| qw: Allow faded altars: false
     0 | D:1      | 0 ||| qw: Do Orc after clearing Dungeon:15 true
     0 | D:1      | 0 ||| qw: Do second Lair branch before Depths: true
     0 | D:1      | 0 ||| qw: Lair rune preference: random
     0 | D:1      | 0 ||| qw: Goals: Normal
     0 | D:1      | 0 ||| PLANNING D:1-11
   658 | D:1      | 658 ||| READING scroll labelled GASEHA TICHO.
   659 | D:1      | 659 ||| READING scroll labelled CAIMPA FUPNUTIJ.
   662 | D:1      | 662 ||| READING 3 scrolls labelled COALOXT UQESK.
   663 | D:1      | 663 ||| READING scroll labelled LUUNOKHLUIFU.
   664 | D:1      | 664 ||| READING 2 scrolls of identify.
   664 | D:1      | 664 ||| IDENTIFYING inky potion
   665 | D:1      | 665 ||| DROPPING scroll of poison.
   686 | D:2      | Reached skill level 3 in Ranged Weapons
   687 | D:2      | Reached XP level 2. HP: 23/23 MP: 2/2
   754 | D:2      | Found a faded altar of an unknown god.
  1030 | D:2      | HP: 5/21 [kobold/+2 short sword of draining (1)]
  1163 | D:2      | Reached XP level 3. HP: 16/28 MP: 3/3
  1273 | D:2      | Reached skill level 4 in Ranged Weapons
  1301 | D:2      | 1301 ||| READING 3 scrolls of brand weapon.
  1301 | D:2      | 1301 ||| BRANDING +1 sling of draining.
  1302 | D:2      | 1302 ||| READING 2 scrolls of brand weapon.
  1302 | D:2      | 1302 ||| BRANDING +1 sling of chaos.
  1303 | D:2      | 1303 ||| READING scroll of brand weapon.
  1303 | D:2      | 1303 ||| BRANDING +1 sling of flaming.
  1341 | D:2      | Reached XP level 4. HP: 29/37 MP: 4/4
  1680 | D:2      | 1680 ||| UPGRADING to +6 ring of strength.
  1681 | D:2      | 1681 ||| READING scroll labelled ELLOTR DAENYSS.
  1682 | D:2      | 1682 ||| READING scroll labelled IDWEWA XURGH.
  1682 | D:2      | Identified a scroll of acquirement
  1682 | D:2      | 1682 ||| ACQUIRING +2 heavy orcbow
  1682 | D:2      | Acquired a +2 heavy orcbow
  1684 | D:2      | 1684 ||| SWAPPING to +2 heavy orcbow.
  1685 | D:2      | 1685 ||| DROPPING +1 sling of freezing.
  1686 | D:2      | 1686 ||| DRINKING 2 white potions.
  1687 | D:2      | 1687 ||| READING 2 scrolls of identify.
  1687 | D:2      | 1687 ||| IDENTIFYING bubbling emerald potion
  1922 | D:3      | Noticed Jessica
  1924 | D:3      | Killed Jessica
  1925 | D:3      | Reached skill level 5 in Ranged Weapons
  1927 | D:3      | Found a radiant altar of Vehumet.
  1927 | D:3      | Noticed a charred statue
  1928 | D:3      | 1928 ||| FLEEEEING.
  2002 | D:3      | Killed a charred statue
  2003 | D:3      | Reached skill level 3 in Fighting
  2003 | D:3      | Reached XP level 5. HP: 45/45 MP: 5/5
  2139 | D:3      | 2139 ||| Stepping ~*~*~tactically~*~*~ (outnumbered).
  2355 | D:3      | Reached skill level 6 in Ranged Weapons
  2368 | D:3      | Noticed a black bear
  2375 | D:3      | HP: 5/45 [black bear (10)]
  2375 | D:3      | HP: 2/45 [black bear (1)]
  2375 | D:3      | Mangled by a black bear

Levels and vault maps discovered:
D:1:      minmay_arrival_glassed_features, layout_basic
D:2:      layout_basic, chequers_ecumenical_altar_grove,
          amcnicky_mini_pool_small, nicolae_half_adder
D:3:      minmay_octagon_keep, layout_loops_cross, vehumet_statue,
          nicolae_overflow_hallway_of_the_gods, uniq_crazy_yiuf_cottage,
          uniq_jessica

Skill      XL: |  1  2  3  4  5 |
---------------+----------------+-----
Ranged Weapons | 3 4 5 6 |  6.0
Fighting       | 2 3 |  3.2
Dodging        | |  2.1
Spellcasting   | |  1.0
Hexes          | |  2.0

Action                     |  1- 3 |  4- 6 || total
---------------------------+-------+-------++-------
   Fire: Sling             |    85 |     5 ||    90
         Orcbow            |       |    56 ||    56
    Use: Scroll            |     8 |     3 ||    11
         Potion            |       |     1 ||     1
 Armour: Robe              |    10 |    11 ||    21
  Dodge: Dodged            |    26 |    20 ||    46

Table legend:
 A = Non-vault XP
 B = Vault XP
 C = Vault XP percentage of total XP
 D = Non-vault monster count
 E = Vault monster count
 F = Vault count percentage of total count
                 A         B        C        D         E       F
            +---------+---------+-------+---------+---------+-------
      Total |     179 |     147 |  45.1 |      47 |      12 |  20.3
            +---------+---------+-------+---------+---------+-------
        D:1 |      10 |       0 |   0.0 |       6 |       0 |   0.0
        D:2 |      72 |      40 |  35.7 |      22 |       3 |  12.0
        D:3 |      97 |     107 |  52.5 |      19 |       9 |  32.1
            +---------+---------+-------+---------+---------+-------
